 Dungeon Crawl Stone Soup version 0.26-a0-259-g1effd001a9 (webtiles) character file.

Game seed: 13559202001627094948

4040 night the Tainter (level 10, -3/69 HPs)
             Began as a Red Draconian Venom Mage on July 27, 2020.
             Was an Initiate of Gozag.
             Slain by a death knight
             ... wielding a +3 battleaxe of draining
              (29 damage)
             ... on level 8 of the Dungeon.
             The game lasted 00:24:40 (10017 turns).

night the Tainter (Red Draconian Venom Mage)       Turns: 10017, Time: 00:24:40

Health: -3/69      AC: 10    Str: 11    XL:     10   Next: 4%
Magic:  20/23      EV: 11    Int: 18    God:    Gozag
Gold:   1053       SH:  0    Dex: 12    Spells: 15/28 levels left

rFire    + + .     SeeInvis .   N - +4 scimitar (freeze)
rCold    . . .     Faith    +   (no shield)
rNeg     . . .     Spirit   .   (armour unavailable)
rPois    .         Reflect  .   (helmet restricted)
rElec    .         Harm     .   (no cloak)
rCorr    .                      i - +2 pair of gloves
MR       .....                  (no boots)
Stlth    +.........             g - amulet of faith
HPRegen  0.21/turn              a - ring of protection from fire
MPRegen  0.18/turn              y - -4 ring of slaying (curse)

@: short of breath, marked, drained
A: breathe fire, unfitting armour, fire resistance 1, cold-blooded, AC +7
a: Breathe Fire, Potion Petition, Call Merchant, Bribe Branch, Renounce Religion


You were on level 8 of the Dungeon.
You worshipped Gozag.
Gozag was most pleased with you.
You were not hungry.

You visited 1 branch of the dungeon, and saw 8 of its levels.

You collected 1129 gold pieces.
You paid 76 gold pieces to Gozag.

Inventory:

Hand Weapons
 q - a +0 whip
 r - a +1 trident
 F - a +3 short sword of holy wrath
 H - a +1 vorpal shortbow
 L - a +1 vorpal long sword
 N - a +4 scimitar of freezing (weapon)
 Q - a cursed +2 falchion of flaming
Missiles
 h - 27 poisoned darts (quivered)
 j - 73 sling bullets
 l - 209 stones
 s - 69 bolts
 x - 5 boomerangs
 C - 102 arrows
 O - a throwing net
Armour
 i - a +2 pair of gloves (worn)
 A - a +0 buckler
Jewellery
 a - a ring of protection from fire (left hand)
 g - an amulet of faith (around neck)
 y - a cursed -4 ring of slaying (right hand)
Wands
 p - a wand of enslavement (6)
 P - a wand of disintegration (7)
 R - a wand of digging (4)
 S - a wand of clouds (4)
Scrolls
 c - 5 scrolls of identify
 e - 7 scrolls of teleportation
 f - 2 scrolls of fog
 u - a scroll of enchant weapon
 w - a scroll of enchant armour
 D - 2 scrolls of magic mapping {unknown}
 G - 2 scrolls of amnesia {unknown}
 J - 3 scrolls of remove curse
 M - a scroll of random uselessness {unknown}
Potions
 d - 3 potions of cancellation
 k - 2 potions of curing {unknown}
 m - 2 potions of berserk rage {unknown}
 n - 2 potions of invisibility
 o - 2 potions of mutation
 t - 2 potions of lignification
 v - 2 potions of stabbing
 z - a potion of brilliance {unknown}
 B - a potion of ambrosia {unknown}
 E - a potion of might {unknown}
 I - 4 potions of degeneration {unknown}
 K - a potion of magic {unknown}
Comestibles
 b - 25 rations


   Skills:
 - Level 1.7(0.8) Dodging
 - Level 1.7(0.8) Stealth
 + Level 9.6(8.5) Spellcasting
 - Level 1.0(0.1) Transmutations
 + Level 10.6(9.5) Poison Magic


You had 15 spell levels left.
You knew the following spells:

 Your Spells              Type           Power        Failure   Level
a - Sting                 Tmut/Pois      ####         1%          1
b - Poisonous Vapours     Pois/Air       ###...       1%          2
c - Ignite Poison         Fire/Tmut/Pois ###.....     8%          3
d - Olgreb's Toxic Radia  Pois           #####...     1%          4
e - Mephitic Cloud        Conj/Pois/Air  ###.....     8%          3

Your spell library contained the following spells:

 Spells                   Type           Power        Failure   Level


Dungeon Overview and Level Annotations

Branches:
Dungeon (8/15)             Temple (0/1) D:6
   Lair: D:8-11

Altars:
Ashenzari
Elyvilon
Gozag
Hepliaklqana
Makhleb
Sif Muna
Trog
Wu Jian

Annotations:
D:4 3 runed translucent doors, Esekla's ghost, novice FoVM
D:8 exclusion: obsidian statue


Innate Abilities, Weirdness & Mutations

You can breathe blasts of fire.
Your fiery red scales are hard. (AC +7)
You cannot fit into any form of body armour.
Your flesh is heat resistant. (rF+)
You are cold-blooded and may be slowed by cold attacks.


Message History

The death knight reflects your damage back at you!
The death knight hits you with a +3 battleaxe of draining!!
You feel drained.
* * * LOW HITPOINT WARNING * * *
[a] - 0 gold - heal wounds, curing and magic [b] - 0 gold - resistance, flight, invisibility and stabbing [c] - 0 gold - might and stabbing Purchase which effect?
You feel much better.
You feel better. Magic courses through your body.
The death knight reflects your damage back at you!
Casting: Mephitic Cloud (dangerous; 8% risk of failure)
Confirm with . or Enter, or press ? or * to list all spells.
You ignite the poison in your surroundings!
The death knight seems to burn from within!!
The death knight is severely wounded.
The death knight reflects your damage back at you!
The death knight is engulfed in blazing flames.
The death knight hits you with a +3 battleaxe of draining!!
You die...
Your body crumbles into a pile of gold.

#### ...# ...# .
##...# ..
######....#...
##.............
##..#..........$
##..###..)..h#..
########..##
###@####
.........## .
#p#
....###.##..8
$#.#
#...###.#....
#.ยง
.............
...
##.##.......#
.............
#.##......##
..........).
##.###....##
...........###
.........##
#..........


You could see a death knight (reflects damage) and a howler monkey.

Vanquished Creatures
  A troll (D:8)
  Prince Ribbit (D:5)
  A hornet (D:8)
  Duvessa (D:5)
  2 phantoms
  An orc warrior (D:6)
  2 ice beasts
  6 ogres
  3 sky beasts
  4 centaurs
  2 big kobolds (D:7)
  Blork the orc (D:4)
  A bullfrog (D:6)
  A wyvern zombie (D:8)
  4 scorpions
  3 wights
  2 howler monkeys (D:6)
  A vampire bat (D:4)
  A jelly (D:6)
  5 hounds
  2 orc priests
  A centaur skeleton (D:7)
  2 bullfrog skeletons
  5 orc wizards
  11 worker ants
  2 hound skeletons
  A worker ant zombie (D:6)
  A howler monkey skeleton (D:4)
  2 adders
  2 white imps
  An ooze (D:4)
  An adder skeleton (D:5)
  A worm (D:3)
  3 dart slugs
  8 leopard geckos
  31 orcs
  12 bats
  6 giant cockroaches
  7 goblins
  7 hobgoblins
  11 jackals
  A quokka (D:3)
  A ball python skeleton (D:4)
  5 frilled lizards
  19 kobolds
  5 rats
191 creatures vanquished.

Vanquished Creatures (others)
  Dowan (D:5)
1 creature vanquished.

Grand Total: 192 creatures vanquished

Notes
Turn   | Place    | Note
-------+----------+-------------------------------------------
     0 | D:1      | night the Draconian Venom Mage began the quest for the Orb.
     0 | D:1      | Reached XP level 1. HP: 14/14 MP: 3/3
   210 | D:1      | Reached XP level 2. HP: 12/20 MP: 0/5
   346 | D:1      | Learned a level 2 spell: Poisonous Vapours
  1240 | D:2      | Reached XP level 3. HP: 26/26 MP: 5/7
  1358 | D:2      | Learned a level 3 spell: Mephitic Cloud
  2359 | D:3      | Reached skill level 4 in Poison Magic
  2434 | D:3      | Reached XP level 4. HP: 33/33 MP: 6/8
  2543 | D:3      | Learned a level 3 spell: Ignite Poison
  2827 | D:3      | Reached XP level 5. HP: 30/38 MP: 2/10
  3187 | D:4      | Noticed an ogre
  3247 | D:4      | Killed an ogre
  3247 | D:4      | Reached skill level 5 in Poison Magic
  3318 | D:4      | Reached XP level 6. HP: 45/45 MP: 7/12
  3615 | D:4      | Found an ornate altar of the Wu Jian Council.
  3842 | D:4      | Reached skill level 5 in Spellcasting
  4072 | D:4      | Learned a level 4 spell: Olgreb's Toxic Radiance
  4119 | D:4      | Reached skill level 6 in Poison Magic
  4273 | D:4      | Your scales start taking on a fiery red colour.
  4273 | D:4      | Reached XP level 7. HP: 45/50 MP: 9/14
  4273 | D:4      | Gained mutation: Your flesh is heat resistant. (rF+) [Red
                  | Draconian growth]
  4481 | D:4      | Noticed Blork the orc
  4485 | D:4      | Killed Blork the orc
  4694 | D:4      | Found a runed translucent gate.
  4695 | D:4      | Found a runed translucent gate.
  4698 | D:4      | Found a runed translucent gate.
  4700 | D:4      | Noticed Esekla's ghost (novice FoVM)
  4873 | D:5      | Entered Level 5 of the Dungeon
  5004 | D:5      | Reached skill level 7 in Poison Magic
  5095 | D:5      | Found an opulent altar of Gozag.
  5102 | D:5      | Became a worshipper of Gozag Ym Sagoz the Greedy
  5261 | D:5      | Noticed Duvessa
  5262 | D:5      | Noticed Dowan
  5310 | D:5      | Your ally died
  5320 | D:5      | Killed Duvessa
  5320 | D:5      | Reached XP level 8. HP: 33/57 MP: 3/17
  5858 | D:5      | Found a shattered altar of Ashenzari.
  5910 | D:5      | Reached skill level 8 in Poison Magic
  6230 | D:5      | Noticed Prince Ribbit
  6243 | D:5      | Killed Prince Ribbit
  6809 | D:6      | Reached XP level 9. HP: 62/62 MP: 0/20
  7006 | D:6      | Reached skill level 9 in Poison Magic
  7198 | D:6      | Found a staircase to the Ecumenical Temple.
  7708 | D:6      | Found a shimmering blue altar of Sif Muna.
  8540 | D:7      | Reached skill level 10 in Poison Magic
  9002 | D:7      | Found a burning altar of Makhleb.
  9002 | D:7      | Found a bloodstained altar of Trog.
  9007 | D:7      | Found a white marble altar of Elyvilon.
  9009 | D:7      | Found a faded altar of an unknown god.
  9010 | D:7      | Found a faded altar of an unknown god.
  9252 | D:8      | Noticed a troll
  9266 | D:8      | Killed a troll
  9430 | D:8      | Found a hazy altar of Hepliaklqana.
  9472 | D:8      | Reached XP level 10. HP: 58/69 MP: 11/23
  9608 | D:8      | Noticed an obsidian statue
 10010 | D:8      | Noticed a death knight
 10015 | D:8      | HP: 8/69 [death knight/+3 battleaxe of draining (13)]
 10017 | D:8      | Slain by a death knight

Illustrated notes

Levels and vault maps discovered:
D:1:      lightli_arrival_flooded_house, layout_basic
D:2:      layout_basic
D:3:      layout_rooms, minivault_19
D:4:      layout_basic, old_standard_altar, gup_sewer_entry_bowl,
          gammafunk_ghost_necromancy, roderic_batcave, uniq_blork_the_orc
D:5:      layout_loops_ring, overflow_temple_1_default,
          lemuel_coloured_pillars_altar, first_ration, grunt_ministairs_11,
          uniq_prince_ribbit1, uniq_duvessa
D:6:      layout_loops_cross, lemuel_doored_altar, minmay_temple_entry_arrows
D:7:      layout_rooms, chequers_temple_overflow_minitemple, grunt_ogre_cave
D:8:      minmay_separated_statues, layout_rooms,
          nicolae_overflow_hidden_temple, basic_altar

Skill      XL: |  1  2  3  4  5  6  7  8  9 |
---------------+----------------------------+-----
Spellcasting   | 3 4 5 6 7 9 |  9.6
Poison Magic   | 4 5 6 7 8 10 | 10.6
Dodging        | |  1.7
Stealth        | |  1.7
Transmutations | |  1.0

Action                   |  1- 3 |  4- 6 |  7- 9 | 10-12 || total
-------------------------+-------+-------+-------+-------++-------
Melee: Unarmed           |    36 |       |       |       ||    36
       Tailslap          |     4 |     5 |    16 |       ||    25
       Whip              |     5 |     4 |       |       ||     9
       Trident           |       |    33 |    65 |       ||    98
       Scimitar          |       |       |    43 |    29 ||    72
       Long sword        |       |       |    13 |       ||    13
 Cast: Sting             |    63 |    76 |    77 |       ||   216
       Poisonous Vapours |     6 |    18 |    30 |       ||    54
       Olgreb's Toxic Ra |       |       |    42 |     3 ||    45
       Mephitic Cloud    |       |       |     6 |     1 ||     7
       Ignite Poison     |       |       |    11 |     2 ||    13
Invok: Potion Petition   |       |       |       |     1 ||     1
 Abil: Breathe Fire      |       |       |     8 |     3 ||    11
Evoke: Wand              |       |       |     9 |       ||     9
  Use: Scroll            |       |    10 |       |       ||    10
 Stab: Sleeping          |       |     1 |     1 |       ||     2
  Eat: Ration            |     2 |     1 |     5 |       ||     8
Armor: Skin              |    42 |    25 |    78 |     8 ||   153
Dodge: Dodged            |    78 |    58 |   116 |    14 ||   266
       Rpst.: Scimitar   |       |       |    12 |     6 ||    18
       Long sword        |       |       |     4 |       ||     4

Table legend:
 A = Non-vault XP
 B = Vault XP
 C = Vault XP percentage of total XP
 D = Non-vault monster count
 E = Vault monster count
 F = Vault count percentage of total count
                 A         B        C        D         E       F
            +---------+---------+-------+---------+---------+-------
      Total |    4862 |     910 |  15.8 |     177 |      15 |   7.8
            +---------+---------+-------+---------+---------+-------
        D:1 |      34 |       0 |   0.0 |      19 |       0 |   0.0
        D:2 |      35 |       0 |   0.0 |      21 |       0 |   0.0
        D:3 |     139 |       0 |   0.0 |      29 |       0 |   0.0
        D:4 |     639 |     163 |  20.3 |      21 |       9 |  30.0
        D:5 |     861 |     626 |  42.1 |      18 |       5 |  21.7
        D:6 |    1265 |       0 |   0.0 |      20 |       0 |   0.0
        D:7 |     786 |     121 |  13.3 |      36 |       1 |   2.7
        D:8 |    1103 |       0 |   0.0 |      13 |       0 |   0.0
            +---------+---------+-------+---------+---------+-------
